 Dungeon Crawl Stone Soup version 0.28.0-53-g5a82cb258f (webtiles) character file.

Game seed: 10556227093573915212

154 ILmort the Digger (level 5, -3/29 HPs)
             Began as a Gargoyle Earth Elementalist on Aug 1, 2022.
             Was a Follower of Makhleb.
             Killed from afar by Ijyb (9 damage)
             ... with an iceblast
             ... on level 3 of the Dungeon.
             The game lasted 00:15:07 (2969 turns).

ILmort the Digger (Gargoyle Earth Elementalist)     Turns: 2969, Time: 00:15:07

Health: -3/29      AC:  6    Str: 11    XL:     5   Next: 35%
Magic:  9/9        EV: 12    Int: 18    God:    Makhleb [*.....]
Gold:   67         SH:  0    Dex: 10    Spells: 8/9 levels left

rFire   . . .      SeeInvis .   d - +1 short sword
rCold   . . .      Faith    .   (no shield)
rNeg    + . .      Spirit   .   b - +0 robe
rPois   ∞          Reflect  .   (no helmet)
rElec   +          Harm     .   (no cloak)
rCorr   .          Rampage  .   (no gloves)
Will    .....                   (no boots)
Stlth   ++........              (no amulet)
HPRegen 0.09/turn               (no ring)
MPRegen 0.11/turn               (no ring)

@: no status effects
A: sickness immunity, AC +4, negative energy resistance 1, electricity
resistance, torment resistance 1, petrification resistance
a: Renounce Religion


You were on level 3 of the Dungeon.
You worshipped Makhleb.
Makhleb was aware of your devotion.
You visited 1 branch of the dungeon, and saw 3 of its levels.

You collected 67 gold pieces.

Inventory:

Hand Weapons
 d - a +1 short sword (weapon)
 k - a +0 glaive of flaming
 l - a +0 mace
Missiles
 c - 19 stones
 g - 2 poisoned darts
 j - 5 boomerangs
Armour
 b - a +0 robe (worn)
 h - a +0 leather armour
Scrolls
 e - a scroll of identify
 f - a scroll of teleportation
 i - a scroll of immolation {unknown}
 m - a scroll of summoning {unknown}
Potions
 a - a potion of resistance {unknown}


   Skills:
 + Level 1.0 Fighting
 + Level 1.6 Short Blades
 + Level 2.2 Dodging
 + Level 3.1 Stealth
 + Level 0.1 Unarmed Combat
 + Level 2.7 Spellcasting
 + Level 0.7 Transmutations
 + Level 4.7 Earth Magic


You had 8 spell levels left.
You knew the following spells:

 Your Spells              Type           Power      Damage    Failure   Level
a - Sandblast             Erth           38%        2d10      2%          1

Your spell library contained the following spells:

 Spells                   Type           Power      Damage    Failure   Level
 Passwall                 Tmut/Erth      10%        N/A       9%          2
 Stone Arrow              Conj/Erth      22%        3d8       19%         3
 Petrify                  Tmut/Erth      12%        N/A       47%         4


Dungeon Overview and Level Annotations

Branches:
Dungeon (3/15)

Altars:
Makhleb

Annotations:
D:3 Ijyb


Innate Abilities, Weirdness & Mutations

You are immune to sickness and miasma.
Your stone body is resilient. (AC +4)
You are immune to poison.
You resist negative energy. (rN+)
You are resistant to electric shocks. (rElec)
You are resistant to unholy torment.
You are immune to petrification.


Message History

Your Fighting skill increases to level 1!
Your Short Blades skill increases to level 1!
Your Stealth skill increases to level 3!
You have reached level 5!
Magic restored.
Things that are here:
a +0 mace; a black bear corpse
l - a +0 mace You see here a black bear corpse.
You can't go down here!
You start waiting.
A giant cockroach comes into view.
Casting: Sandblast (safe; 2% risk of failure)
Confirm with . or Enter, or press ? or * to list all spells.
Aiming: Sandblast (safe; 2% risk of failure)
Press: ? - help, Shift-Dir - straight line, f - giant cockroach
Aim: a giant cockroach (wandering, hasn't noticed you, 79% to hit)
The blast of sand hits the giant cockroach but does no damage.
The giant cockroach bites you.
Casting: Sandblast (safe; 2% risk of failure)
Confirm with . or Enter, or press ? or * to list all spells.
Aiming: Sandblast (safe; 2% risk of failure)
Press: ? - help, Shift-Dir - straight line, f/p - giant cockroach
Aim: a giant cockroach (79% to hit)
The blast of sand hits the giant cockroach!
You kill the giant cockroach!
Makhleb accepts your kill.
Found a scroll labelled OKLAGUI TUHER.
m - a scroll labelled OKLAGUI TUHER Ijyb the Twisted Goblin comes into view.
She is wielding a +0 dagger, wearing a +1 leather armour of poison resistance and carrying a wand of iceblast (8).
Ijyb shouts!
Ijyb screams, "Me very upset!"
Ijyb is nearby!
Ijyb is nearby!
Ijyb zaps a wand.
The mass of ice explodes!
The iceblast engulfs you!!
Ouch! That really hurt!
Ijyb zaps a wand.
The mass of ice explodes!
The iceblast engulfs you.
* * * LOW HITPOINT WARNING * * *
Ijyb zaps a wand.
The mass of ice explodes!
The iceblast engulfs you!
You die...

#......# #.# ######.# #.#
#.# #g# #.# #.# #.# #.#
#.# #.# #.# #.# #.#
####.# #.# #..@.# #.#
#.#### #.# #.# ##### #.#
#.# #.†.# #.# #.#
#.#.######
#.####.#########.#.......
#................########
######.########### ##.#


You could see Ijyb.

Vanquished Creatures
  A black bear (D:3)
  An adder (D:3)
  A worm (D:2)
  A dart slug (D:2)
  3 ball pythons
  3 bats
  5 endoplasms
  3 giant cockroaches
  8 goblins
  4 hobgoblins
  4 jackals (D:1)
  2 kobolds (D:2)
  3 rats
39 creatures vanquished.

Notes
Turn   | Place    | Note
-------+----------+-------------------------------------------
     0 | D:1      | ILmort the Gargoyle Earth Elementalist began the quest for
                  | the Orb.
     0 | D:1      | Reached XP level 1. HP: 10/10 MP: 3/3
    88 | D:1      | Reached skill level 4 in Earth Magic
   179 | D:1      | Reached XP level 2. HP: 12/15 MP: 3/5
   565 | D:1      | Reached XP level 3. HP: 8/19 MP: 4/6
  1525 | D:2      | Found a faded altar of an unknown god.
  1531 | D:2      | Prayed at the altar of an unknown god.
  1531 | D:2      | Became a worshipper of Makhleb the Destroyer
  1531 | D:2      | Reached * piety under Makhleb
  2773 | D:3      | Reached XP level 4. HP: 20/24 MP: 7/7
  2825 | D:3      | Noticed a black bear
  2828 | D:3      | Killed a black bear
  2829 | D:3      | Reached skill level 1 in Fighting
  2829 | D:3      | Reached skill level 1 in Short Blades
  2829 | D:3      | Reached XP level 5. HP: 29/29 MP: 4/9
  2958 | D:3      | Noticed Ijyb
  2969 | D:3      | Killed from afar by Ijyb

Illustrated notes

Levels and vault maps discovered:
D:1:      tarquinn_simple_flora_water_f, layout_basic, minmay_tromino_i4
D:2:      layout_basic, basic_ecumenical_altar
D:3:      layout_loops_ring, grunt_gozag_statues, uniq_ijyb, uniq_jessica

Skill      XL: |  1  2  3  4 |
---------------+-------------+-----
Earth Magic    | 4 |  4.7
Dodging        | 2 |  2.2
Fighting       | 1 |  1.0
Short Blades   | 1 |  1.6
Stealth        | 3 |  3.1
Unarmed Combat | |  0.1
Spellcasting   | |  2.7
Transmutations | |  0.7

Action                   |  1- 3 |  4- 6 || total
-------------------------+-------+-------++-------
Melee: Unarmed           |    14 |       ||    14
       Punch             |     2 |       ||     2
       Short sword       |    56 |     4 ||    60
 Cast: Sandblast         |    21 |     5 ||    26
  Use: Scroll            |     2 |       ||     2
 Stab: Sleeping          |     3 |       ||     3
Armor: Robe              |    25 |     4 ||    29
Dodge: Dodged            |    45 |     5 ||    50
